 Dungeon Crawl Stone Soup version 0.28.0-45-g0d030f2227 (webtiles) character file.

Game seed: 4813717080034916404

177 Ablot the Cutter (level 5, -5/47 HPs)
             Began as a Gnoll Chaos Knight on Apr 13, 2022.
             Was a Plaything of Xom.
             Killed from afar by a lindwurm (glowing shapeshifter) (17 damage)
             ... with a blast of flame
             ... on level 3 of the Dungeon.
             The game lasted 00:03:41 (3527 turns).

Ablot the Cutter (Gnoll Chaos Knight)               Turns: 3527, Time: 00:03:41

Health: -5/47      AC:  6    Str: 14    XL:     5   Next: 57%
Magic:  7/7        EV: 12    Int: 11    God:    Xom [....*.]
Gold:   129        SH:  0    Dex: 11    Spells: 7/7 levels left

rFire   + . .      SeeInvis .   a - +0 short sword (chaos)
rCold   . . .      Faith    .   (no shield)
rNeg    . . .      Spirit   .   b - +2 leather armour
rPois   .          Reflect  .   j - +0 helmet
rElec   .          Harm     .   (no cloak)
rCorr   .          Rampage  .   (no gloves)
Will    .....                   (no boots)
Stlth   +.........              (no amulet)
HPRegen 0.15/turn               c - ring of protection from fire
MPRegen 0.10/turn               (no ring)

@: no status effects
A: fangs 1, strong nose, distributed training
a: Renounce Religion


You were on level 3 of the Dungeon.
You worshipped Xom.
You were a beloved toy of Xom.
You visited 1 branch of the dungeon, and saw 3 of its levels.

You collected 129 gold pieces.

Inventory:

Hand Weapons
 a - a +0 short sword of chaos (weapon)
Missiles
 d - 32 sling bullets
 e - 77 arrows
 i - 76 stones
 l - 3 poisoned darts (quivered)
Armour
 b - a +2 leather armour (worn)
 j - a +0 helmet (worn)
Jewellery
 c - a ring of protection from fire (left hand)
Scrolls
 f - 3 scrolls of identify {unknown}
 g - a scroll of holy word {unknown}
 h - 2 scrolls of fog {unknown}
 k - a scroll of amnesia {unknown}
 o - a scroll of magic mapping {unknown}
 p - a scroll of acquirement {unknown}
Potions
 m - a potion of curing {unknown}
 n - a potion of haste {unknown}
 q - 2 potions of flight {unknown}
 r - a potion of mutation {unknown}
 s - a potion of might
 t - a potion of resistance {unknown}


   Skills:
 + Level 6.7 Fighting
 + Level 6.7 Short Blades
 + Level 1.5 Long Blades
 + Level 1.5 Axes
 + Level 1.5 Maces & Flails
 + Level 1.5 Polearms
 + Level 1.5 Staves
 + Level 1.5 Slings
 + Level 1.5 Bows
 + Level 1.5 Crossbows
 + Level 1.5 Throwing
 + Level 4.8 Armour
 + Level 3.0 Dodging
 + Level 1.5 Stealth
 + Level 1.5 Shields
 + Level 1.5 Unarmed Combat
 + Level 1.5 Spellcasting
 + Level 1.2 Conjurations
 + Level 1.2 Hexes
 + Level 1.2 Summonings
 + Level 1.2 Necromancy
 + Level 1.2 Translocations
 + Level 1.2 Transmutations
 + Level 1.2 Fire Magic
 + Level 1.2 Ice Magic
 + Level 1.2 Air Magic
 + Level 1.2 Earth Magic
 + Level 1.2 Poison Magic
 + Level 1.7 Invocations
 + Level 1.5 Evocations


You had 7 spell levels left.
You didn't know any spells.
Your spell library was empty.

Dungeon Overview and Level Annotations

Branches:
Dungeon (3/15)

Altars:
Nemelex Xobeh

Shops:
D:3 (

Annotations:
D:3 1 runed translucent door, exclusion: door, CryoSword's ghost, amateur FoFi


Innate Abilities, Weirdness & Mutations

You have very sharp teeth.
Your uncanny sense of smell can sniff out nearby items.
Your experience applies equally to all skills.


Message History

The bat barely misses you.
You hit the lindwurm but do no damage.
You punch the lindwurm, but do no damage.
The lindwurm is lightly wounded.
The bat barely misses you. The lindwurm closely misses you.
The lindwurm claws you but does no damage.
The lindwurm barely misses you.
You hit the lindwurm but do no damage. Lightning courses through the lindwurm!
The lindwurm is moderately wounded.
The bat hits you but does no damage. The lindwurm barely misses you.
The lindwurm claws you! x2
You barely miss the lindwurm.
The lindwurm is moderately wounded.
The bat barely misses you. The lindwurm breathes flames at you.
The blast of flame misses you.
You barely miss the lindwurm.
The lindwurm is moderately wounded.
The bat closely misses you. The bat barely misses you.
You completely miss the lindwurm.
The lindwurm is moderately wounded.
The bat barely misses you. The lindwurm bites you!
A shower of butterflies erupts from you!
The lindwurm closely misses you. The lindwurm claws you.
The giant cockroach bites you.
* * * LOW HITPOINT WARNING * * *
You hit the lindwurm but do no damage.
The lindwurm is moderately wounded.
The bat closely misses you. The lindwurm bites you.
* * * LOW HITPOINT WARNING * * *
The lindwurm claws you but does no damage.
The lindwurm barely misses you. The giant cockroach bites you.
* * * LOW HITPOINT WARNING * * *
You hit the lindwurm.
The lindwurm flickers and vanishes!
Deactivating autopickup; reactivate with Ctrl-A.
The bat barely misses you.
You hear a roar.
A blast of flame appears from out of thin air!
The blast of flame hits you! You resist.
You die...

#.....#
#.....#
#.....#
+.....#
###
#.....#
..#
##.§b..##
#.#
#.B§{§..#
#.#
#.b@§...#
##.#
#.bb§§..#
.>#
###'#####
# #.# #.#
# #.# #.#
# #†# #.#
# #.#
#.#### ##
#.#
#....# .#
#.#
#####.###


You could see a giant cockroach and a bat.

Vanquished Creatures
  A scorpion (D:2)
  Terence (D:2)
  2 adders (D:2)
  A worm (D:2)
  2 dart slugs (D:1)
  An orc (D:3)
  5 ball pythons
  13 endoplasms
  2 giant cockroaches
  7 hobgoblins
  2 jackals (D:1)
  2 quokkas
  3 bats
  5 frilled lizards
  4 goblins
  8 kobolds
  8 rats
67 creatures vanquished.

Notes
Turn   | Place    | Note
-------+----------+-------------------------------------------
     0 | D:1      | Ablot the Gnoll Chaos Knight began the quest for the Orb.
     0 | D:1      | Reached XP level 1. HP: 23/23 MP: 1/1
   134 | D:1      | XOM: silly message
   351 | D:1      | Reached XP level 2. HP: 21/29 MP: 2/2
   826 | D:1      | Reached XP level 3. HP: 35/35 MP: 3/3
   869 | D:1      | XOM: silly message
  1285 | D:1      | XOM: noise
  1319 | D:1      | XOM: scenery: summon butterflies
  1393 | D:1      | XOM: divination: magic mapping
  1430 | D:1      | XOM: scenery: summon butterflies
  1551 | D:2      | Noticed Terence
  1567 | D:2      | Killed Terence
  1568 | D:2      | Reached skill level 1 in Long Blades
  1568 | D:2      | Reached skill level 1 in Axes
  1568 | D:2      | Reached skill level 1 in Maces & Flails
  1568 | D:2      | Reached skill level 1 in Polearms
  1568 | D:2      | Reached skill level 1 in Staves
  1568 | D:2      | Reached skill level 1 in Slings
  1568 | D:2      | Reached skill level 1 in Bows
  1568 | D:2      | Reached skill level 1 in Crossbows
  1568 | D:2      | Reached skill level 1 in Throwing
  1568 | D:2      | Reached skill level 1 in Stealth
  1568 | D:2      | Reached skill level 1 in Shields
  1568 | D:2      | Reached skill level 1 in Unarmed Combat
  1568 | D:2      | Reached skill level 1 in Spellcasting
  1568 | D:2      | Reached skill level 1 in Invocations
  1568 | D:2      | Reached skill level 1 in Evocations
  1568 | D:2      | Reached XP level 4. HP: 29/41 MP: 5/5
  1707 | D:2      | HP: 2/41 [poisoned by a kobold]
  1737 | D:2      | XOM: god gift: 28 gold pieces
  1944 | D:2      | XOM: 1-stop teleportation journey
  2016 | D:2      | XOM: potion effect (brilliance)
  2023 | D:2      | Noticed a scorpion
  2036 | D:2      | Killed a scorpion
  2037 | D:2      | Reached skill level 1 in Conjurations
  2037 | D:2      | Reached skill level 1 in Hexes
  2037 | D:2      | Reached skill level 1 in Summonings
  2037 | D:2      | Reached skill level 1 in Necromancy
  2037 | D:2      | Reached skill level 1 in Translocations
  2037 | D:2      | Reached skill level 1 in Transmutations
  2037 | D:2      | Reached skill level 1 in Fire Magic
  2037 | D:2      | Reached skill level 1 in Ice Magic
  2037 | D:2      | Reached skill level 1 in Air Magic
  2037 | D:2      | Reached skill level 1 in Earth Magic
  2037 | D:2      | Reached skill level 1 in Poison Magic
  2037 | D:2      | Reached XP level 5. HP: 20/47 MP: 5/7
  2040 | D:2      | XOM: enchant monster (bad)
  2467 | D:2      | XOM: butterfly on damage
  2674 | D:2      | Found a faded altar of an unknown god.
  2701 | D:2      | Found a sparkling altar of Nemelex Xobeh.
  3215 | D:3      | Found a runed translucent door.
  3215 | D:3      | Noticed CryoSword's ghost (amateur FoFi)
  3216 | D:3      | Found Udalid's Antique Weapon Emporium.
  3343 | D:3      | XOM: scenery: 1 doors open, 1 doors close
  3400 | D:3      | XOM: 3-stop teleportation journey
  3516 | D:3      | XOM: fog
  3519 | D:3      | Noticed a glowing shapeshifter
  3519 | D:3      | a worm changed into a glowing shapeshifter
  3519 | D:3      | Noticed a lindwurm
  3519 | D:3      | a glowing shapeshifter changed into a lindwurm
  3525 | D:3      | XOM: butterfly on damage
  3527 | D:3      | Killed from afar by a lindwurm (glowing shapeshifter)

Illustrated notes

Levels and vault maps discovered:
D:1:      nagdon_arrival_double_spiral, layout_basic, grunt_decor_junction,
          minmay_misc_feat_secret_circle, st_stairs_8, minivault_11,
          minmay_hexomino_p4
D:2:      layout_loops_ring, ebering_ecumenical_altar_rust, basic_altar,
          uniq_terence
D:3:      layout_basic, serial_shops, nicolae_shop_trees, gammafunk_ghost_grave

Skill      XL: |  1  2  3  4  5 |
---------------+----------------+-----
Long Blades    | 1 |  1.5
Axes           | 1 |  1.5
Maces & Flails | 1 |  1.5
Polearms       | 1 |  1.5
Staves         | 1 |  1.5
Slings         | 1 |  1.5
Bows           | 1 |  1.5
Crossbows      | 1 |  1.5
Throwing       | 1 |  1.5
Stealth        | 1 |  1.5
Shields        | 1 |  1.5
Unarmed Combat | 1 |  1.5
Spellcasting   | 1 |  1.5
Invocations    | 1 |  1.7
Evocations     | 1 |  1.5
Conjurations   | 1 |  1.2
Hexes          | 1 |  1.2
Summonings     | 1 |  1.2
Necromancy     | 1 |  1.2
Translocations | 1 |  1.2
Transmutations | 1 |  1.2
Fire Magic     | 1 |  1.2
Ice Magic      | 1 |  1.2
Air Magic      | 1 |  1.2
Earth Magic    | 1 |  1.2
Poison Magic   | 1 |  1.2
Dodging        | 3 |  3.0
Fighting       | |  6.7
Short Blades   | |  6.7
Armour         | |  4.8

Action                   |  1- 3 |  4- 6 || total
-------------------------+-------+-------++-------
Melee: Short sword       |    92 |   124 ||   216
       Bite              |     7 |     8 ||    15
       Punch             |     1 |     4 ||     5
Throw: Stone             |     6 |       ||     6
       Dart              |       |     3 ||     3
  Use: Potion            |       |     2 ||     2
 Stab: Distracted        |     1 |       ||     1
       Sleeping          |     1 |     4 ||     5
Armor: Leather armour    |    24 |    32 ||    56
Dodge: Dodged            |    34 |    56 ||    90
